 Dungeon Crawl Stone Soup version 0.17-a0-1516-gf76066c (webtiles) character file.

8973 zeke the Cleaver (level 11, -6/95 HPs)
             Began as a Minotaur Fighter on July 12, 2015.
             Was a High Priest of Okawaru.
             Mangled by a shadow (30 damage)
             ... on level 9 of the Dungeon.
             The game lasted 00:31:18 (8094 turns).

zeke the Cleaver (Minotaur Fighter)                 Turns: 8094, Time: 00:31:23

Health: -6/95      AC: 18    Str: 23    XL:     11   Next: 16%
Magic:  20/20      EV: 22    Int:  5    God:    Okawaru [*****.]
Gold:   877        SH: 14    Dex: 14    Spells: 0 memorised, 10 levels left

rFire  . . .     SeeInvis .     a - +1 war axe
rCold  x . .     Clarity  .     b - +0 scale mail
rNeg   + . .     SustAt   .     c - +0 shield
rPois  .         Gourm    .     R - +1 hat {MR+}
rElec  .         Spirit   .     (no cloak)
rCorr  +         Warding  .     C - +2 pair of gloves of Salvation {rC- rN+ rCorr MP+9}
rMut   .         Stasis   .     H - +2 pair of boots
MR     +....                    q - amulet of rage
Stlth  ++++......               K - ring of stealth
                                r - ring of wizardry

@: agile, heroism, very slightly contaminated, hasted, very quick, somewhat
resistant to hostile enchantments, stealthy
A: retaliatory headbutt, horns 2, icy blue scales 1, blink 1, clumsy 1, no
device heal 1
a: Blink, Heroism, Finesse, Renounce Religion, Evoke Berserk Rage


You were on level 9 of the Dungeon.
You worshipped Okawaru.
Okawaru was extremely pleased with you.
You were not hungry.

You visited 2 branches of the dungeon, and saw 10 of its levels.
You also visited: Ossuary.

You collected 877 gold pieces.

Inventory:

Hand weapons
 a - a +1 war axe (weapon)
Missiles
 Q - 11 tomahawks (quivered)
Armour
 b - a +0 scale mail (worn)
 c - a +0 shield (worn)
 C - the +2 pair of gloves of Salvation (worn) {rC- rN+ rCorr MP+9}
   (You found it on level 4 of the Dungeon)

   It makes you vulnerable to cold.
   It protects you from negative energy.
   It affects your magic capacity (+9).
   It protects you from acid and corrosion.
 H - a +2 pair of boots (worn)
 R - a +1 hat of magic resistance (worn)
Jewellery
 h - an uncursed ring of flight
 m - an uncursed ring of protection from fire
 q - an amulet of rage (around neck)
 r - a ring of wizardry (left hand)
 u - an uncursed amulet of clarity
 A - an uncursed amulet of resist corrosion
 K - a ring of stealth (right hand)
 P - an uncursed ring of magical power {unknown}
Magical devices
 p - a wand of slowing (7)
 B - a wand of flame (35)
 I - a wand of flame (20)
 L - a wand of frost (15)
 O - a wand of magic darts (16)
Scrolls
 f - 2 scrolls of magic mapping
 g - 3 scrolls of fog
 x - 3 scrolls of teleportation
 y - 7 scrolls of identify
 F - 4 scrolls of recharging
 J - a scroll of noise {unknown}
 N - a scroll of remove curse
Potions
 d - 3 potions of might
 i - a potion of cure mutation
 j - 4 potions of curing
 t - 2 potions of lignification
 w - 2 potions of cancellation
 D - a potion of brilliance {unknown}
 E - a potion of invisibility {unknown}
 G - a potion of degeneration {unknown}
Books
 s - a book of Burglary

   Spells                             Type                      Level
   a - Swiftness                      Charms/Air                   2
   b - Passwall                       Transmutation/Earth          3
   c - Passage of Golubria            Translocation                4
   d - Lee's Rapid Deconstruction     Earth                        5
   e - Invisibility                   Hexes                        6
   f - Darkness                       Hexes                        7
 M - a Grand Grimoire

   Spells                             Type                      Level
   a - Monstrous Menagerie            Summoning                    6
   b - Summon Greater Demon           Summoning                    7
   c - Malign Gateway                 Summoning/Translocation      7
   d - Summon Horrible Things         Summoning                    8
Comestibles
 e - a bread ration
 k - 2 beef jerkies
 o - 6 fruits
 z - 2 slices of pizza
 S - a meat ration


   Skills:
 + Level 8.8(13.8) Fighting
 + Level 10.5(15.5) Axes
 * Level 5.5(10.5) Throwing
 + Level 8.4(13.4) Armour
 + Level 7.5(12.5) Dodging
 + Level 1.5(6.5) Stealth
 + Level 9.6(14.6) Shields
 + Level 1.4 Invocations
 + Level 1.3 Evocations


You had 10 spell levels left.
You didn't know any spells.

Dungeon Overview and Level Annotations

Branches:
Dungeon (9/15)             Temple (1/1) D:4            Lair (0/8) D:8
    Orc: D:9-12

Altars:
Ashenzari
Dithmenos
Elyvilon
Fedhas
Gozag
Kikubaaqudgha
Makhleb
Nemelex Xobeh
Okawaru
Qazlal
Ru
Sif Muna
Vehumet
Xom
Yredelemnul
Zin
The Shining One


Innate Abilities, Weirdness & Mutations

You reflexively headbutt those who attack you in melee.
You have a pair of horns on your head.
You are partially covered in icy blue scales (AC +1).
You can translocate small distances at will.
You are clumsy. (Dex -2)
Potions and wands are less effective at restoring your health.


Message History

The shadow strikes at you from the darkness!
* * * LOW HITPOINT WARNING * * *
Reactivating autopickup.
You hit the shadow but do no damage.
The shadow is heavily damaged.
You hit the hound skeleton.
Your shield prevents you from hitting the necrophage.
The hound skeleton barely misses you.
A necrophage comes into view.
You feel much better. You block the necrophage's attack.
The shadow slips into darkness.
The shadow flickers and vanishes!
Deactivating autopickup; reactivate with Ctrl-A.
You hit the hound skeleton. You slash the necrophage!
The necrophage is moderately damaged.
You barely miss something. The hound skeleton barely misses you.
The necrophage completely misses you. You furiously retaliate!
You headbutt the necrophage!
The shadow strikes at you from the darkness!
You die...

#....>.....##.##......).
+≈.....######...........
#...##.### #######.####
##≈.###...# ...
#≈...###..## ..#
#.....#...#..#.# .#
#..######.#..# .## # ##.
#.#..###)#?#.### #.
######.#....@ZZ......
#..##......#....n{n......
......######..###.#(#.###
...#....# #..# .##.# .#
..##....# #..# # #
#.......####..##
####...........#
#....######## #....#


You could see 2 necrophages, a worker ant zombie and a hound skeleton.

Vanquished Creatures
  Gastronok (D:8)
  The ghost of jejorda2 the Carver, an experienced HEGl of Ashenzari (D:9)
  A skeletal warrior (D:9)
  Joseph (D:9)
  The ghost of sscrono2 the Covert, an experienced OpAs (D:4)
  Grinder (D:5)
  A two-headed ogre (D:9)
  A trapdoor spider zombie (D:9)
  The ghost of sscrono2 the Sneak, an average OpAs (D:5)
  2 flying skulls (D:9)
  A hippogriff (D:5)
  Sigmund (D:5)
  A shadow (D:9)
  A hungry ghost (D:9)
  The ghost of sscrono2 the Sneak, an average OpAs (Ossuary)
  2 water moccasins
  A sky beast (D:8)
  3 orc warriors
  An ice beast (D:8)
  A black bear (D:9)
  2 necrophages
  2 eyes of draining (D:9)
  3 ogres
  2 centaurs
  2 giant frogs (D:7)
  6 scorpions
  3 water moccasin skeletons
  2 wights (D:9)
  3 hounds (D:5)
  4 giant frog zombies
  2 crimson imps
  A giant frog skeleton (D:7)
  2 jellies
  A centaur zombie (D:9)
  Ijyb (D:2)
  A centaur skeleton (D:9)
  10 orc wizards
  6 orc priests
  4 iguanas
  13 worker ants
  2 big kobold zombies (Ossuary)
  2 mummies (Ossuary)
  2 hound skeletons
  A worker ant zombie (D:9)
  4 adders
  14 gnolls
  2 shadow imps (D:6)
  3 oozes
  2 adder zombies (D:9)
  2 adder skeletons
  A worm (D:3)
  4 giant geckos
  12 orcs
  13 bats
  A bat skeleton (D:5)
  A giant cockroach (D:7)
  2 gnoll zombies (Ossuary)
  11 goblins
  15 hobgoblins
  10 jackals
  3 quokkas
  3 ball pythons (D:1)
  A giant gecko skeleton (D:9)
  5 giant newts
  2 goblin zombies (Ossuary)
  3 hobgoblin zombies (Ossuary)
  9 kobolds
  5 orc zombies (Ossuary)
  3 quokka skeletons (D:9)
  3 rats
235 creatures vanquished.

Notes
Turn   | Place    | Note
--------------------------------------------------------------
     0 | D:1      | zeke the Minotaur Fighter began the quest for the Orb.
     0 | D:1      | Reached XP level 1. HP: 19/19 MP: 0/0
   192 | D:1      | Reached skill level 4 in Fighting
   192 | D:1      | Reached XP level 2. HP: 21/27 MP: 1/1
   566 | D:1      | Reached XP level 3. HP: 33/33 MP: 2/2
   866 | D:2      | Noticed Ijyb
   875 | D:2      | Killed Ijyb
  1100 | D:2      | Reached XP level 4. HP: 37/41 MP: 3/3
  1424 | D:2      | Found a glowing silver altar of Zin.
  1424 | D:2      | Found an ancient bone altar of Kikubaaqudgha.
  1424 | D:2      | Found a stormy altar of Qazlal.
  1425 | D:2      | Found a glowing golden altar of the Shining One.
  1427 | D:2      | Found a basalt altar of Yredelemnul.
  1624 | D:3      | Found a sacrificial altar of Ru.
  1636 | D:3      | Reached skill level 1 in Dodging
  2077 | D:3      | Reached XP level 5. HP: 47/47 MP: 4/4
  2178 | D:4      | Found a staircase to the Ecumenical Temple.
  2196 | Temple   | Entered the Ecumenical Temple
  2339 | Temple   | Became a worshipper of Warmaster Okawaru
  2456 | D:4      | Reached skill level 5 in Armour
  2696 | D:4      | Reached XP level 6. HP: 32/53 MP: 5/5
  2884 | D:4      | Reached skill level 5 in Shields
  3268 | D:4      | Got a pair of jewelled gloves
  3274 | D:4      | Identified the +2 pair of gloves of Salvation {rC- rN+ rCorr MP+9} (You found it on level 4 of the Dungeon)
  3307 | D:4      | Noticed an ogre
  3308 | D:4      | Noticed sscrono2's ghost (experienced OpAs)
  3313 | D:4      | Killed an ogre
  3313 | D:4      | Reached skill level 5 in Fighting
  3358 | D:5      | Entered Level 5 of the Dungeon
  3452 | D:4      | Killed sscrono2's ghost
  3452 | D:4      | Acquired Okawaru's first power
  3452 | D:4      | Reached XP level 7. HP: 61/61 MP: 6/6
  3720 | D:4      | Reached skill level 6 in Armour
  3960 | D:5      | Noticed sscrono2's ghost (average OpAs)
  3982 | D:5      | Killed sscrono2's ghost
  3982 | D:5      | Reached skill level 5 in Axes
  3985 | D:5      | Noticed a hippogriff
  3994 | D:5      | Killed a hippogriff
  3994 | D:5      | Reached XP level 8. HP: 58/70 MP: 7/7
  4076 | D:5      | Noticed a water moccasin
  4082 | D:5      | Killed a water moccasin
  4082 | D:5      | Reached skill level 1 in Stealth
  4186 | D:5      | Noticed Sigmund
  4260 | D:5      | Killed Sigmund
  4391 | D:5      | Noticed Grinder
  4408 | D:5      | Paralysed by Grinder for 2 turns
  4410 | D:5      | Killed Grinder
  4410 | D:5      | Reached skill level 5 in Dodging
  4410 | D:5      | Reached skill level 7 in Shields
  4543 | D:5      | Reached skill level 1 in Evocations
  4666 | D:5      | Reached XP level 9. HP: 48/78 MP: 8/8
  5223 | D:6      | Found a sand-covered staircase.
  5233 | Ossuary  | Entered an ossuary
  5248 | Ossuary  | Reached skill level 1 in Throwing
  5249 | Ossuary  | Noticed sscrono2's ghost (average OpAs)
  5261 | Ossuary  | Killed sscrono2's ghost
  5532 | D:6      | Found a shadowy altar of Dithmenos.
  5787 | D:6      | Found a deep blue altar of Sif Muna.
  5796 | D:6      | Reached skill level 8 in Axes
  6804 | D:8      | Gained mutation: You are clumsy. (Dex -2) [mutagenic meat]
  6808 | D:8      | Gained mutation: You can translocate small distances at will. [mutagenic meat]
  6809 | D:8      | Gained mutation: Potions and wands are less effective at restoring your health. [mutagenic meat]
  6810 | D:8      | Gained mutation: You are partially covered in icy blue scales (AC +1). [mutagenic meat]
  6899 | D:8      | Noticed Gastronok
  6921 | D:8      | Killed Gastronok
  6921 | D:8      | Acquired Okawaru's second power
  6921 | D:8      | Received a gift from Okawaru
  6921 | D:8      | Reached skill level 9 in Axes
  6921 | D:8      | Reached XP level 10. HP: 48/88 MP: 10/10
  6931 | D:8      | Found a staircase to the Lair.
  6959 | D:8      | Reached skill level 1 in Invocations
  7699 | D:9      | Noticed jejorda2's ghost (experienced HEGl)
  7729 | D:9      | Killed jejorda2's ghost
  7729 | D:9      | Reached skill level 10 in Axes
  7729 | D:9      | Reached skill level 5 in Throwing
  7764 | D:9      | Noticed Joseph
  7782 | D:9      | Killed Joseph
  7782 | D:9      | Received a gift from Okawaru
  8050 | D:9      | Noticed a skeletal warrior
  8065 | D:9      | Reached XP level 11. HP: 80/95 MP: 11/11
  8080 | D:9      | Killed a skeletal warrior
  8094 | D:9      | Mangled by a shadow

Vault maps used:
D:1:      mrwooster_arrival_arrow
D:2:      minitemple, uniq_iyjb
D:3:      nicolae_ru_great_annihilating_truth, minmay_misc_feat_ornament,
          grunt_ministairs_10
D:4:      minmay_temple_entry_statues_fountains
D:5:      first_bread, uniq_grinder, uniq_sigmund
D:6:      kennysheep_orc_sif_temple, grunt_dithmenos_smoke,
          nicolae_ossuary_entry_ruins
D:7:      lemuel_ice_spiral_2
D:8:      lair_0_dummy, uniq_gastronok
D:9:      hangedman_screamer, hangedman_little_slice_of_home, uniq_joseph
Temple:   chambers_temple_12
Ossuary:  minmay_ossuary_gauntlet

Action                   |  1- 3 |  4- 6 |  7- 9 | 10-12 || total
-------------------------+-------+-------+-------+-------++-------
Melee: War axe           |    57 |   119 |   402 |   168 ||   746
Throw: Tomahawk          |       |       |     5 |       ||     5
Invok: Heroism           |       |       |     2 |     3 ||     5
Evoke: Wand              |       |       |     6 |       ||     6
  Use: Scroll            |       |    12 |     3 |       ||    15
       Potion            |       |       |       |     5 ||     5
 Stab: Invisible         |       |     1 |       |       ||     1
       Paralysed         |       |     1 |       |       ||     1
       Sleeping          |       |       |     1 |       ||     1
  Eat: Chunk             |     1 |     3 |    11 |     3 ||    18
       Bread ration      |       |     1 |       |     1 ||     2
       Meat ration       |       |       |     1 |       ||     1
